 Dungeon Crawl Stone Soup version 0.30-a0-23-ge60ba3568b (webtiles) character file.

Game seed: 11670634007041841184

9 AttackTheMoon the Sneak (level 2, -1/28 HPs)
             Began as a Naga Monk on Aug 25, 2022.
             Slain by a kobold
             ... wielding a +0 dagger
              (3 damage)
             ... on level 1 of the Dungeon.
             The game lasted 00:00:39 (578 turns).

AttackTheMoon the Sneak (Naga Monk)                  Turns: 578, Time: 00:00:39

Health: -1/28      AC:  1    Str: 13    XL:     2   Next: 12%
Magic:  2/2        EV: 10    Int: 10    God:
Gold:   0          SH:  0    Dex: 13    Spells: 1/1 levels left

rFire   . . .      SeeInvis +      - Unarmed
rCold   . . .      Faith    .    (no shield)
rNeg    . . .      Spirit   .    a - +0 robe
rPois   +          Reflect  .    (no helmet)
rElec   .          Harm     .    (no cloak)
rCorr   .          Rampage  .    (no gloves)
Will    .....                    (no barding)
Stlth   ++........               (no amulet)
HPRegen 0.09/turn                (no ring)
MPRegen 0.08/turn                (no ring)

@: very slow
A: AC +0, large, see invisible, deformed body, poison resistance, slowness 2,
spit poison 1, naga tail 1
a: Spit Poison


You were on level 1 of the Dungeon.
You visited 1 branch of the dungeon, and saw 1 of its levels.

Inventory:

Armour
 a - a +0 robe (worn)
Scrolls
 d - a scroll of noise {unknown}
Potions
 b - a potion of ambrosia
 c - a potion of berserk rage {unknown}


   Skills:
 + Level 3.2 Fighting
 - Level 2.4 Dodging
 + Level 3.4 Stealth
 + Level 3.2 Unarmed Combat


You had one spell level left.
You didn't know any spells.
Your spell library was empty.

Dungeon Overview and Level Annotations

Branches:
Dungeon (1/15)

Altars:


Innate Abilities, Weirdness & Mutations

Your serpentine skin is tough. (AC +0)
You have supernaturally acute eyesight. (SInv)
Armour fits poorly on your strangely shaped body.
Your system is resistant to poisons. (rPois)
You cover ground very slowly.
You can spit poison.
You have a snake-like lower body.


Message History

You are too injured to fight recklessly!
You are too injured to fight recklessly!
You are too injured to fight recklessly!
You are too injured to fight recklessly!
You are too injured to fight recklessly!
You are too injured to fight recklessly!
You are too injured to fight recklessly!
You are too injured to fight recklessly!
You are too injured to fight recklessly!
You are too injured to fight recklessly!
You are too injured to fight recklessly!
You hit the kobold.
You kill the kobold!
The kobold throws a stone.
The stone hits you but does no damage.
Things that are here:
a +0 whip; a kobold corpse You hit the ball python.
The ball python is moderately wounded.
The ball python misses you.
You closely miss the ball python.
The ball python is moderately wounded.
The ball python bites you.
* * * LOW HITPOINT WARNING * * *
You closely miss the ball python.
The ball python is moderately wounded.
The ball python barely misses you.
The kobold throws a stone.
The stone hits you.
* * * LOW HITPOINT WARNING * * *
You barely miss the ball python.
The ball python is moderately wounded.
The ball python bites you.
* * * LOW HITPOINT WARNING * * *
The ball python closely misses you.
You hit the ball python.
You kill the ball python!
The kobold hits you with a +0 dagger.
* * * LOW HITPOINT WARNING * * *
The kobold barely misses you.
Found a scroll labelled LAZAUT FATAUX.
The kobold hits you with a +0 dagger.
You die...

***,*,**,*.........########.##..#
**,,*,,*,,#..................##.#
*,,***,**.#.......######..##.....
,,,,,,,,,.........###....##*###.#
******,,*,............#### *.# *
**,*,.♣.♣.....#### *,, *
*,*,*,♣.♣...## *,* *
*,*,,♣_♣...K##***** *,* *
*,*,*,♣.♣.@.)#*,,,** *,* *
*,,,,♣.♣.....#,,,,,* ****,*
*,,,......#....#,*,* *,,,,,
*,,*####.........?,* *,,,,, *,**
#######.#.#.* *,,,*, *,* *.....*
*,,,,, *,* *#....* *,,,*, ***
*...#* **,,,, *,,,* *****


You could see a kobold.

Vanquished Creatures
  A bat (D:1)
  2 endoplasms (D:1)
  A ball python (D:1)
  A frilled lizard (D:1)
  A goblin (D:1)
  2 kobolds (D:1)
  A rat (D:1)
9 creatures vanquished.

Notes
Turn   | Place    | Note
-------+----------+-------------------------------------------
     0 | D:1      | AttackTheMoon the Naga Monk began the quest for the Orb.
     0 | D:1      | Reached XP level 1. HP: 21/21 MP: 1/1
    48 | D:1      | HP: 1/21 [endoplasm (3)]
   371 | D:1      | Reached XP level 2. HP: 12/28 MP: 2/2
   561 | D:1      | Found a faded altar of an unknown god.
   578 | D:1      | Slain by a kobold

Illustrated notes

Levels and vault maps discovered:
D:1:      elethiomel_arrival_shortcut, layout_rooms, serial_glass,
          glass_columns_c, glass_columns_a, glass_columns_a, glass_columns_c,
          glass_columns_c, glass_columns_a,
          chequers_ecumenical_altar_simple_redux

Action                   || total
-------------------------++-------
Melee: Unarmed           ||    36
 Abil: Spit Poison       ||     1
  Use: Scroll            ||     1
 Stab: Sleeping          ||     1
Armor: Robe              ||    11
Dodge: Dodged            ||    29

Table legend: (Time is in decaauts)
 A = Elapsed time spent in this place.
 B = Non-inter-level travel time spent in this place.
 C = Inter-level travel time spent in this place.
 D = Time resting spent in this place.
 E = Time spent auto-exploring this place.
 F = Levels seen in this place.
 G = Mean time per level.
                   A        B        C        D        E       F      G
               +--------+--------+--------+--------+--------+-----+--------+
         Total |    611 |    611 |      0 |    279 |    245 |   1 |  611.0 |
       Dungeon |    611 |    611 |      0 |    279 |    245 |   1 |  611.0 |
               +--------+--------+--------+--------+--------+-----+--------+

Top non-repeatable levels by time:
     D:1: 611 daAuts
